 Dungeon Crawl Stone Soup version 0.31-a0-271-gb88eb75 (webtiles) character file.

Game seed: 12542284888572032311

1554 Dawnplanks the Skirmisher (level 8, 39/39 HPs)
             Began as a Spriggan Hexslinger on July 14, 2023.
             Was a Believer of Okawaru.
             Quit the game on level 5 of the Dungeon.
             The game lasted 00:10:51 (4781 turns).

Dawnplanks the Skirmisher (Spriggan Hexslinger)     Turns: 4781, Time: 00:10:52

Health: 39/39      AC:  2    Str:  4    XL:     8   Next: 57%
Magic:  11/11      EV: 24    Int: 15    God:    Okawaru [**....]
Gold:   286        SH:  0    Dex: 19    Spells: 9/10 levels left

rFire   . . .        a - +1 sling
rCold   . . .        (no shield)
rNeg    . . .        c - +0 robe
rPois   .            (helmet currently unavailable)
rElec   .            q - melded +0 cloak
rCorr   .            (gloves unavailable)
SInv    +            (boots unavailable)
Will    +....        y - amulet of regeneration
Stlth   ++           d - +5 ring of evasion
HPRegen 1.06/turn    (no ring)
MPRegen 0.12/turn

%: no passive effects
@: beast-form, very quick
A: beast (slay +3), very small, no large weapons, unfitting armour, see
invisible, speed 3
a: Begin Untransformation, Renounce Religion, Heroism


You were on level 5 of the Dungeon.
You worshipped Okawaru.
Okawaru was pleased with you.
You were a hulking beast.
You visited 1 branch of the dungeon, and saw 5 of its levels.

You collected 342 gold pieces.
You spent 56 gold pieces at shops.

Inventory:

Hand Weapons
 a - a +1 sling (weapon)
Armour
 c - a +0 robe (worn)
 q - a +0 cloak (melded)
 B - an orb of guile
Jewellery
 d - a +5 ring of evasion (left hand)
 m - an amulet of reflection
 y - an amulet of regeneration (around neck)
Talismans
 f - a beast talisman
Wands
 C - a wand of flame (22)
Scrolls
 b - 2 scrolls of poison
 e - 2 scrolls of vulnerability {unknown}
 h - 2 scrolls of butterflies {unknown}
 i - 2 scrolls of fog {unknown}
 k - a scroll of enchant armour {unknown}
 l - 4 scrolls of teleportation {unknown}
 n - 2 scrolls of torment {unknown}
 o - 2 scrolls of fear {unknown}
 p - 2 scrolls of amnesia {unknown}
 r - a scroll of immolation {unknown}
 s - 3 scrolls of identify {unknown}
 t - a scroll of noise {unknown}
 u - a scroll of enchant weapon {unknown}
Potions
 g - 2 potions of enlightenment {unknown}
 j - 3 potions of curing
 v - a potion of heal wounds {unknown}
 w - 2 potions of cancellation {unknown}
 x - a potion of ambrosia {unknown}
 z - a potion of invisibility {unknown}
 A - a potion of berserk rage {unknown}


   Skills:
 + Level 2.9 Fighting
 + Level 8.2 Ranged Weapons
 + Level 4.1 Dodging
 - Level 0.1 Shields
 + Level 1.5 Spellcasting
 + Level 4.3 Hexes
 * Level 3.0 Invocations
 * Level 4.4 Shapeshifting


You had 9 spell levels left.
You knew the following spells:

 Your Spells              Type           Power      Damage    Failure   Level
a - Slow                  Hex            56%        N/A       4%          1

Your spell library contained the following spells:

 Spells                   Type           Power      Damage    Failure   Level
 Inner Flame              Hex/Fire       7%         N/A       28%         3
 Portal Projectile        Hex/Tloc       14%        N/A       28%         3
 Cause Fear               Hex            7%         N/A       36%         4
 Orb of Destruction       Conj           0%         9d5       100%        7
 Summon Guardian Golem    Hex/Summ       Unusable   N/A       N/A         3
 Spellforged Servitor     Conj/Summ      Unusable   N/A       N/A         7

Dungeon Overview and Level Annotations

Branches:
Dungeon (5/15)
 Temple: D:4-7

Altars:
Cheibriados
Gozag
Okawaru
Qazlal
Ru
Sif Muna
Xom
Zin

Shops:
D:2 !


Innate Abilities, Weirdness & Mutations

You are a hulking beast.
Your limbs bulge with bestial killing power. (Slay +3)
You are very small and have problems with some larger weapons.
You are too small for most types of armour.
You have supernaturally acute eyesight. (SInv)
You cover ground extremely quickly. (Speed+++)


Message History

The adder is heavily wounded.
You shoot a sling bullet. The sling bullet hits the adder!
You kill the adder!
Okawaru accepts your kill.
Your Invocations skill increases to level 3!
No target in view!
No target in view!
There is an open door, spattered with blood here.
You see here an adder corpse.
You now have 286 gold pieces (gained 16).
There is an open door, spattered with blood here.
You see here an adder corpse.
There is an open door here.
C - a wand of flame (22)
You pick up a book of Dangerous Friends and begin reading...
You add the spell Orb of Destruction to your library.
There is an open door here.
You open the door.
A hound comes into view.
Found 2 javelins.
You shoot a sling bullet.
The sling bullet closely misses the hound.
You shoot a sling bullet. The sling bullet hits the hound.
The hound is lightly wounded.
The hound misses you.
The hound stops to sniff the ground.
You see here a +0 dagger.
You shoot a sling bullet.
The sling bullet closely misses the hound.
The hound completely misses you.
You shoot a sling bullet. The sling bullet hits the hound!
The hound is severely wounded.
The hound completely misses you.
You shoot a sling bullet. The sling bullet hits the hound!
You kill the hound!
Okawaru accepts your kill.
No target in view!
No target in view!
No target in view!
Are you sure you want to abandon this character and quit the game? (Confirm with "yes".)

####### #.# ..#.......#
#.
...<..####.##..#.......#
#.
#####....<....##.......#
#. #####.#....##.....##
## # #...######...## #
###
#........##'#######+#####
..#
#.######.................
..# #.#
#................. ..#
#.# #h)...............
..# ###.#
####'#######'##### ..#
#...# ##...## ...# # ..#
#.### ##.....## .....###
..# #.#
#.......#.......#. ###
#.# #.......#.......#. #
#.# #.......#...(...#. ##
#.# ##.....###.....### .#
#.##########...## #


There were no monsters in sight!

Vanquished Creatures
  2 ice beasts (D:5)
  A sky beast (D:5)
  2 ogres
  5 phantoms
  A scorpion (D:5)
  5 hounds
  Crazy Yiuf (D:3)
  2 iguanas
  3 scorpion zombies (D:4)
  5 orc wizards
  A sleepcap (D:5)
  A hound zombie (D:4)
  2 hound skeletons (D:4)
  5 gnolls
  4 adders
  A white imp (D:5)
  An ufetubus (D:4)
  2 adder zombies (D:4)
  9 orcs
  9 endoplasms
  5 giant cockroaches
  8 goblins
  7 hobgoblins
  7 jackals
  3 quokkas
  7 ball pythons
  10 bats
  7 frilled lizards
  10 kobolds
  6 rats
132 creatures vanquished.

Notes
Turn   | Place    | Note
-------+----------+-------------------------------------------
     0 | D:1      | Dawnplanks the Spriggan Hexslinger began the quest for the
                  | Orb.
     0 | D:1      | Reached XP level 1. HP: 9/9 MP: 3/3
   194 | D:1      | Reached XP level 2. HP: 14/14 MP: 5/5
   378 | D:1      | Reached XP level 3. HP: 17/17 MP: 6/6
   593 | D:1      | Reached skill level 3 in Ranged Weapons
   762 | D:2      | Identified the +3 leather armour of Noon {Will+ Int+3}
   814 | D:2      | Reached skill level 1 in Fighting
   893 | D:2      | Found Isies's Distillery.
   902 | D:2      | Bought a potion of degeneration for 14 gold pieces
   902 | D:2      | Bought a potion of curing for 42 gold pieces
  1153 | D:2      | Found a glowing silver altar of Zin.
  1656 | D:3      | Reached XP level 4. HP: 22/22 MP: 7/7
  1732 | D:3      | Found an opulent altar of Gozag.
  1799 | D:3      | Found a shimmering blue altar of Sif Muna.
  1817 | D:3      | Reached skill level 1 in Shapeshifting
  1891 | D:3      | Reached skill level 4 in Ranged Weapons
  2139 | D:3      | Found a runed translucent door.
  2140 | D:3      | Noticed Crazy Yiuf
  2194 | D:3      | Reached XP level 5. HP: 25/25 MP: 8/8
  2408 | D:3      | Found a snail-covered altar of Cheibriados.
  2408 | D:3      | Found a sacrificial altar of Ru.
  2416 | D:3      | Found a shimmering altar of Xom.
  2485 | D:3      | Found an iron altar of Okawaru.
  2487 | D:3      | Found a stormy altar of Qazlal.
  2491 | D:3      | Became a worshipper of Warmaster Okawaru
  2607 | D:3      | Killed Crazy Yiuf
  2698 | D:4      | Reached skill level 5 in Ranged Weapons
  2707 | D:4      | Noticed an ogre
  2719 | D:4      | Killed an ogre
  2720 | D:4      | Reached XP level 6. HP: 30/30 MP: 9/9
  2966 | D:4      | Reached skill level 6 in Ranged Weapons
  3008 | D:4      | Reached * piety under Okawaru
  3009 | D:4      | Reached XP level 7. HP: 24/34 MP: 10/10
  3483 | D:4      | Reached skill level 1 in Invocations
  3862 | D:5      | Entered Level 5 of the Dungeon
  3945 | D:5      | Reached skill level 7 in Ranged Weapons
  3965 | D:5      | Reached ** piety under Okawaru
  4020 | D:5      | Reached XP level 8. HP: 37/39 MP: 11/11
  4605 | D:5      | Reached skill level 8 in Ranged Weapons
  4781 | D:5      | Quit the game

Illustrated notes

Levels and vault maps discovered:
D:1:      lightli_arrival_statuegarden, layout_basic
D:2:      layout_loops_corners, basic_altar, serial_shops,
          nicolae_lakefront_shop
D:3:      layout_rooms, amcnicky_altar_gilded, led_sif_book,
          chequers_temple_overflow_minitemple, uniq_crazy_yiuf_cottage
D:4:      layout_loops_ring, serial_undead, serial_undead_b, serial_undead_e,
          serial_undead_f, serial_undead_b
D:5:      kennysheep_six_static_rooms, layout_loops_ring, kennysheep_doodads

Skill      XL: |  1  2  3  4  5  6  7  8 |
---------------+-------------------------+-----
Hexes          | 4 |  4.3
Ranged Weapons | 3 4 5 6 7 8 |  8.2
Fighting       | 1 2 |  2.9
Dodging        | 3 4 |  4.1
Shapeshifting  | 1 2 3 4 |  4.4
Invocations    | 2 3 |  3.0
Shields        | |  0.1
Spellcasting   | |  1.5

Action                     |  1- 3 |  4- 6 |  7- 9 || total
---------------------------+-------+-------+-------++-------
   Fire: Sling             |   115 |   199 |   218 ||   532
   Cast: Slow              |     3 |       |     1 ||     4
 Armour: Robe              |     3 |     4 |     6 ||    13
  Dodge: Dodged            |    20 |    73 |    46 ||   139
  Block: Other             |     2 |    19 |    12 ||    33
   Form: Beast             |     2 |       |       ||     2
                           |     1 |       |       ||     1

Table legend: (Time is in decaauts)
 A = Elapsed time spent in this place.
 B = Non-inter-level travel time spent in this place.
 C = Inter-level travel time spent in this place.
 D = Time resting spent in this place.
 E = Time spent auto-exploring this place.
 F = Levels seen in this place.
 G = Mean time per level.
                   A        B        C        D        E       F      G
               +--------+--------+--------+--------+--------+-----+--------+
         Total |   3417 |   3352 |     65 |     67 |   2288 |   5 |  683.4 |
       Dungeon |   3417 |   3352 |     65 |     67 |   2288 |   5 |  683.4 |
               +--------+--------+--------+--------+--------+-----+--------+

Top non-repeatable levels by time:
     D:4: 914 daAuts
     D:3: 808 daAuts
     D:5: 615 daAuts
     D:2: 543 daAuts
     D:1: 535 daAuts
